 Dungeon Crawl Stone Soup version 0.24-a0-284-g9fb9971df1 (webtiles) character file.

Game seed: 350708262484967031

88 Redear the Insei (level 4, -2/28 HPs)
             Began as an Octopode Transmuter on May 4, 2019.
             Slain by Grinder (5 damage)
             ... on level 3 of the Dungeon.
             The game lasted 00:05:03 (2633 turns).

Redear the Insei (Octopode Transmuter)              Turns: 2633, Time: 00:05:03

Health: -2/28      AC:  1    Str: 15    XL:     4   Next: 54%
Magic:  8/8        EV: 13    Int: 15    God:
Gold:   91         SH:  0    Dex: 12    Spells: 3/8 levels left

rFire    . . .     SeeInvis .     - Unarmed
rCold    . . .     Gourm    .   (no shield)
rNeg     . . .     Faith    .   (helmet restricted)
rPois    .         Spirit   .   (no amulet)
rElec    .         Reflect  .   (no ring)
rCorr    .         Harm     .   (no ring)
MR       .....                  (no ring)
Stlth    ++........             (no ring)
HPRegen  0.09/turn              (no ring)
MPRegen  0.11/turn              (no ring)
                                (no ring)
                                (no ring)

@: mighty, very slightly contaminated
A: almost no armour, stealthy swim, amphibious, 8 rings, constrict 8, camouflage
1, gelatinous body 1
a: no special abilities


You were on level 3 of the Dungeon.
You were hungry.

You visited 1 branch of the dungeon, and saw 3 of its levels.

You collected 91 gold pieces.

Inventory:

Missiles
 a - 32 arrows
 d - 45 stones
 Z - a throwing net (quivered) {+f}
Armour
 i - a +0 buckler
Scrolls
 b - 3 scrolls of teleportation {unknown}
 f - 2 scrolls of remove curse {unknown}
Potions
 c - a potion of might {Str+5 DMG+1d10 | @q3}
 e - a potion of curing {unknown}
 g - 2 potions of degeneration {unknown}
Comestibles
 z - 5 rations


   Skills:
 - Level 1.0 Fighting
 - Level 2.0 Dodging
 + Level 3.8 Unarmed Combat
 + Level 2.8 Spellcasting
 + Level 3.0 Transmutations
 + Level 0.4 Ice Magic


You had 3 spell levels left.
You knew the following spells:

 Your Spells              Type           Power        Failure   Level  Hunger
z - Beastly Appendage     Tmut           ##....       6%          1    #......
I - Ice Form              Ice/Tmut       #.......     69%         4    #####..

Your spell library contained the following spells:

 Spells                   Type           Power        Failure   Level  Hunger
 Sticks to Snakes         Tmut           ##......     9%          2    ##.....
 Spider Form              Tmut/Pois      #.........   32%         3    ###....
 Blade Hands              Tmut           ##........   85%         5    ######.


Dungeon Overview and Level Annotations

Branches:
Dungeon (3/15)

Altars:

Annotations:
D:3 Grinder


Innate Abilities, Weirdness & Mutations

You cannot wear most types of armour.
You are very stealthy in the water. (Stealth+)
You are amphibious.
You can wear up to eight rings at the same time.
You can use your tentacles to constrict eight enemies at once.
Your skin changes colour to match your surroundings (Stealth+).
Your rubbery body absorbs attacks. (AC +1, EV +1)


Message History

You tentacle-slap Grinder. Your grab misses Grinder.
Grinder is lightly wounded.
Grinder hits you.
You writhe in agony.
* * * LOW HITPOINT WARNING * * *
The rat closely misses you.
You take 9 damage, and have 8/28 hp.
MASSIVE DAMAGE!!
You aren't carrying any items that you can evoke.
Unknown command.
Okay, then.
Unknown command.
It was a potion of might.
You feel very mighty all of a sudden.
You are feeling hungry.
Grinder barely misses you.
You tentacle-slap Grinder. You grab Grinder. You squeeze Grinder.
Grinder is heavily wounded.
You constrict Grinder. Grinder hits you.
* * * LOW HITPOINT WARNING * * *
You writhe in agony.
You die...

# .# .#..
#..# #..#
#..#
#..######
#r.......
#5#######
#@# #.#
..# ####


You could see Grinder and a rat.

Vanquished Creatures
  An adder (D:2)
  2 oozes (D:1)
  2 worms (D:2)
  2 dart slugs
  A leopard gecko (D:2)
  A giant cockroach (D:2)
  7 goblins
  7 hobgoblins
  5 jackals
  5 kobolds
  2 quokkas (D:2)
  7 bats
  5 frilled lizards
  11 rats
  A plant (D:1)
59 creatures vanquished.

Notes
Turn   | Place    | Note
-------+----------+-------------------------------------------
     0 | D:1      | Redear the Octopode Transmuter began the quest for the Orb.
     0 | D:1      | Reached XP level 1. HP: 13/13 MP: 3/3
    38 | D:1      | Reached XP level 2. HP: 11/18 MP: 5/5
   238 | D:1      | Reached XP level 3. HP: 7/23 MP: 4/6
  1593 | D:2      | Reached XP level 4. HP: 9/28 MP: 6/8
  1615 | D:2      | Learned a level 4 spell: Ice Form
  1973 | D:2      | Reached skill level 3 in Transmutations
  2624 | D:3      | Noticed Grinder
  2633 | D:3      | Slain by Grinder

Levels and vault maps discovered:
D:1:      dpeg_arrival_boxorama, layout_rooms, serial_forest,
          infiniplex_forest_pool, infiniplex_forest_end_3,
          infiniplex_forest_straight_2, infiniplex_forest_end_3,
          infiniplex_forest_lined_2, infiniplex_forest_clump_curved,
          infiniplex_forest_lined_room_, infiniplex_forest_straight_1,
          infiniplex_forest_lined_corner
D:2:      minmay_diamond_boxcup, layout_loops_ring, lemuel_flame_loot_1
D:3:      layout_loops_ring, first_ration, uniq_grinder, uniq_sigmund,
          uniq_jessica

Skill      XL: |  1  2  3  4 |
---------------+-------------+-----
Transmutations | 3 |  3.0
Fighting       | |  1.0
Dodging        | |  2.0
Unarmed Combat | |  3.8
Spellcasting   | |  2.8
Ice Magic      | |  0.4

Action                   |  1- 3 |  4- 6 || total
-------------------------+-------+-------++-------
Melee: Unarmed           |   105 |    49 ||   154
       Kick              |     8 |       ||     8
       Constrict         |    19 |    15 ||    34
       Tentacles         |    26 |     5 ||    31
       Punch             |     2 |     2 ||     4
 Cast: Beastly Appendage |     5 |       ||     5
  Use: Potion            |       |     1 ||     1
 Stab: Sleeping          |     5 |     5 ||    10
  Eat: Chunk             |     2 |     3 ||     5
Armor: Skin              |     1 |    12 ||    13
Dodge: Dodged            |    29 |    43 ||    72

Table legend:
 A = Non-vault XP
 B = Vault XP
 C = Vault XP percentage of total XP
 D = Non-vault monster count
 E = Vault monster count
 F = Vault count percentage of total count
                 A         B        C        D         E       F
            +---------+---------+-------+---------+---------+-------
      Total |     115 |      12 |   9.4 |      51 |       7 |  12.1
            +---------+---------+-------+---------+---------+-------
        D:1 |      56 |       0 |   0.0 |      28 |       0 |   0.0
        D:2 |      59 |      12 |  16.9 |      23 |       7 |  23.3
            +---------+---------+-------+---------+---------+-------
